AoeStats
← Křovák

Arena

508214217Analyzed
1v1 RM · 11d ago on Sep 21, 2026· 54m 43s· 2 players
Game mode
Random Map
Map size
Tiny (2 player)
Population
200
Speed
Normal
Resources
Standard
Victory
Conquest
Starting age
Dark Age
Ending age
Imperial Age
RankedLock teamsTeams togetherTeam positionsShared explorationLock speedFull tech treeHidden civsTurbo modeCheats
Victory
Defeat
🇨🇳 Britons · China
866
+16
🇨🇿 Byzantines · Czechia
875
-16
Fun
13:09 Feudal Age
13:40 Double-Bit Axe
18:23 Castle Age
16:21 Horse Collar
16:51 Man-at-Arms
17:39 Scale Mail Armor
19:44 Loom
20:27 Squires
22:08 Heavy Plow
25:16 Wheelbarrow
27:21 Bow Saw
27:38 Gold Mining
27:40 Stone Mining
28:08 Hand Cart
32:34 Imperial Age
30:31 Forging
30:12 Fletching
30:10 Treadmill Crane
30:51 Ballistics
30:41 Town Watch
31:36 Gold Shaft Mining
30:43 Pikeman
31:44 Fortified Wall
33:12 Padded Archer Armor
33:06 Long Swordsman
33:08 Elite Skirmisher
33:53 Warwolf
35:09 Conscription
36:09 Chemistry
35:09 Bodkin Arrow
36:40 Two-Man Saw
37:25 Guilds
38:27 Bracer
38:42 Leather Archer Armor
39:11 Yeomen
42:18 Hoardings
43:46 Ring Archer Armor
43:53 Iron Casting
43:35 Chain Mail Armor
43:29 Siege Engineers
43:35 Masonry
44:17 Elite Longbowman
45:31 Arson
45:12 Two-Handed Swordsman
46:27 Architecture
45:49 Guard Tower
45:55 Murder Holes
45:46 Arrowslits
47:04 Blast Furnace
48:23 Capped Ram
50:49 Plate Mail Armor
50:24 Scale Barding Armor
52:51 Keep
52:22 Halberdier
52:48 Gambesons
Křovák
9:49 Loom
11:35 Feudal Age
16:16 Castle Age
15:38 Double-Bit Axe
16:01 Horse Collar
22:26 Bow Saw
24:52 Fletching
27:49 Gold Mining
27:50 Stone Mining
28:06 Heavy Plow
28:47 Padded Archer Armor
32:05 Imperial Age
30:06 Bodkin Arrow
31:45 Leather Archer Armor
33:49 Chemistry
39:33 Ring Archer Armor
39:05 Elite Skirmisher
41:03 Hoardings
41:38 Ballistics
44:01 Murder Holes
44:17 Fortified Wall
44:20 Bracer
44:31 Forging
44:27 Scale Barding Armor
45:05 Cavalier
45:45 Husbandry
46:37 Iron Casting
Connection lost

Rejoining the realm…

Still unreachable

The connection could not be restored.

Session expired

The server has moved on; the page needs a fresh start.